 Dungeon Crawl Stone Soup version 0.26.1-10-gdfb7c7de75 (webtiles) character file.

Game seed: 7831322203896203561

940 Riddle the Spear-Bearer (level 8, -5/68 HPs)
             Began as a Merfolk Monk on Apr 3, 2021.
             Slain by an ogre
             ... wielding a +0 giant club
              (20 damage)
             ... on level 5 of the Dungeon.
             The game lasted 00:05:43 (5562 turns).

Riddle the Spear-Bearer (Merfolk Monk)              Turns: 5562, Time: 00:05:44

Health: -5/68      AC: 12    Str: 13    XL:     8   Next: 12%
Magic:  8/8        EV:  4    Int: 10    God:
Gold:   166        SH:  0    Dex: 16    Spells: 7/7 levels left

rFire    . . .     SeeInvis .   h - +0 scythe
rCold    . . .     Faith    .   (shield currently unavailable)
rNeg     . . .     Spirit   .   s - +0 plate armour
rPois    .         Reflect  .   g - +0 helmet
rElec    .         Harm     .   (no cloak)
rCorr    .         Rampage  .   (no gloves)
Will     .....                  p - +0 pair of boots
Stlth    ..........             (no amulet)
HPRegen  0.21/turn              (no ring)
MPRegen  0.11/turn              (no ring)

@: no status effects
A: change form in water, swift swim, stealthy swim
a: no special abilities


You were on level 5 of the Dungeon.
You visited 1 branch of the dungeon, and saw 5 of its levels.

You collected 166 gold pieces.

Inventory:

Hand Weapons
 a - a +0 spear
 h - a +0 scythe (weapon)
Armour
 g - a +0 helmet (worn)
 p - a +0 pair of boots (worn)
 s - a +0 plate armour (worn)
Scrolls
 b - 2 scrolls of immolation {unknown}
 c - 5 scrolls of identify
 d - 2 scrolls of remove curse
 f - 6 scrolls of teleportation {unknown}
 i - 2 scrolls of fear {unknown}
 j - 2 scrolls of amnesia {unknown}
 l - a scroll of enchant armour {unknown}
 o - a scroll of random uselessness {unknown}
 q - 2 scrolls of fog {unknown}
 r - 2 scrolls of noise {unknown}
Potions
 e - a potion of curing
 k - 2 potions of haste {unknown}
 m - a potion of berserk rage {unknown}
 n - 2 potions of might {unknown}


   Skills:
 + Level 7.8 Fighting
 + Level 10.1 Polearms
 - Level 4.0 Dodging
 - Level 2.1 Stealth


You had 7 spell levels left.
You didn't know any spells.
Your spell library was empty.

Dungeon Overview and Level Annotations

Branches:
Dungeon (5/15)
 Temple: D:4-7

Altars:
Dithmenos
Kikubaaqudgha
Sif Muna
Vehumet


Message History

You are too injured to fight recklessly!
You are too injured to fight recklessly!
You are too injured to fight recklessly!
You are too injured to fight recklessly!
You are too injured to fight recklessly!
You are too injured to fight recklessly!
Your plate armour prevents you from hitting the ogre.
The ogre is heavily wounded.
The ogre hits you with a +0 giant club!
You hit the ogre.
The ogre is heavily wounded.
The ogre barely misses you. x2
You slash the ogre!
The ogre is severely wounded.
The ogre hits you with a +0 giant club!
* * * LOW HITPOINT WARNING * * *
You hit the ogre.
The ogre is almost dead.
The ogre hits you with a +0 giant club!!
You die...

###### #.... ..# #.#..
..# #.#.# #.# #.#O#
#.# #.#@####### #.#
..####.#.......# #.#
...........###.# #.#
.........#.###.#####.#
...#####.............#
. ....####.###.#####.#
#..........# #..#
######.###.# #.## #
#.# #.# #.#


You could see an ogre.

Vanquished Creatures
  Sigmund (D:2)
  2 phantoms (D:4)
  An ogre (D:4)
  A scorpion (D:2)
  2 howler monkeys (D:5)
  A hound (D:5)
  2 orc wizards (D:4)
  An orc priest (D:4)
  4 worker ants
  A howler monkey zombie (D:5)
  Robin (D:2)
  3 adders
  2 oozes (D:2)
  2 worms
  2 dart slugs
  2 leopard geckos
  14 orcs
  4 giant cockroaches
  15 goblins
  7 hobgoblins
  10 jackals (D:4)
  10 kobolds
  2 quokkas
  2 ball pythons
  7 bats
  5 frilled lizards
  A jackal skeleton (D:4)
  9 rats
114 creatures vanquished.

Notes
Turn   | Place    | Note
-------+----------+-------------------------------------------
     0 | D:1      | Riddle the Merfolk Monk began the quest for the Orb.
     0 | D:1      | Reached XP level 1. HP: 18/18 MP: 1/1
   322 | D:1      | Reached XP level 2. HP: 24/24 MP: 2/2
   539 | D:1      | Reached skill level 5 in Polearms
   797 | D:2      | Reached XP level 3. HP: 26/30 MP: 3/3
   953 | D:2      | Noticed Robin
  1255 | D:2      | Killed Robin
  1256 | D:2      | Reached XP level 4. HP: 8/38 MP: 4/4
  1257 | D:2      | HP: 1/38 [goblin/+0 dagger[Robin] (5)]
  1731 | D:2      | Noticed Sigmund
  1736 | D:2      | Reached skill level 6 in Polearms
  2240 | D:2      | Killed Sigmund
  2241 | D:2      | Reached skill level 5 in Fighting
  2241 | D:2      | Reached skill level 7 in Polearms
  2241 | D:2      | Reached XP level 5. HP: 42/44 MP: 5/5
  2241 | D:2      | Reached XP level 6. HP: 49/51 MP: 6/6
  2507 | D:2      | Found a shimmering blue altar of Sif Muna.
  3353 | D:3      | Reached skill level 8 in Polearms
  4215 | D:4      | Reached XP level 7. HP: 41/59 MP: 7/7
  4673 | D:4      | Reached skill level 9 in Polearms
  4764 | D:4      | Found an ancient bone altar of Kikubaaqudgha.
  4764 | D:4      | Found a shadowy altar of Dithmenos.
  4764 | D:4      | Found a radiant altar of Vehumet.
  5093 | D:5      | Entered Level 5 of the Dungeon
  5320 | D:4      | Reached XP level 8. HP: 21/67 MP: 8/8
  5546 | D:4      | Reached skill level 10 in Polearms
  5562 | D:5      | Slain by an ogre

Illustrated notes

Levels and vault maps discovered:
D:1:      matt_arrival_grand_opening, layout_loops_ring
D:2:      layout_rooms, minmay_door_square, lemuel_blue_sif_altar, uniq_sigmund,
          uniq_robin
D:3:      layout_rooms
D:4:      layout_loops_ring, chequers_temple_overflow_statue_of_worship,
          grunt_tough_drop
D:5:      layout_loops_ring, serial_shops, nicolae_shop_trees,
          minmay_statues_item, grunt_dithmenos_smoke_and_mirrors, uniq_pikel,
          uniq_edmund, uniq_menkaure

Skill      XL: |  1  2  3  4  5  6  7  8 |
---------------+-------------------------+-----
Polearms       | 5 7 8 9 10 | 10.1
Fighting       | 4 5 6 7 |  7.8
Dodging        | |  4.0
Stealth        | |  2.1

Action                   |  1- 3 |  4- 6 |  7- 9 || total
-------------------------+-------+-------+-------++-------
Melee: Spear             |   121 |    81 |       ||   202
       Unarmed           |       |    15 |       ||    15
       Scythe            |       |   157 |   101 ||   258
  Use: Scroll            |       |     2 |       ||     2
       Potion            |       |     2 |       ||     2
 Stab: Sleeping          |     7 |     4 |       ||    11
       Distracted        |       |       |     1 ||     1
Armor: Robe              |    12 |    43 |       ||    55
       Ring mail         |       |    17 |    18 ||    35
       Plate armour      |       |       |    40 ||    40
Dodge: Dodged            |    61 |   238 |    55 ||   354
